 Dungeon Crawl Stone Soup version 0.31-a0-960-g0fca184906 (webtiles) character file.

Game seed: 4795811712638663456

0 lunkers the Ruffian (level 1, -10/16 HPs)
             Began as a Meteoran Shapeshifter on Oct 23, 2023.
             Mangled by a kobold
             ... wielding a +1 whip of distortion
              (23 damage)
             ... on level 1 of the Dungeon.
             The game lasted 00:00:05 (25 turns).

lunkers the Ruffian (Meteoran Shapeshifter)           Turns: 25, Time: 00:00:05

Health: -10/16     AC:  2    Str: 15    XL:     1   Next: 14%
Magic:  2/2        EV: 12    Int: 11    God:
Gold:   25         SH:  0    Dex: 13    Spells: 0/0 levels left

rFire   . .          .
                       - Unarmed
rCold   . . .        (no shield)
rNeg    . . .        a - +0 animal skin
rPois   .            (helmet currently unavailable)
rElec   .            (cloak currently unavailable)
rCorr   .            (gloves currently unavailable)
SInv    .            (boots currently unavailable)
Will    .....        (no amulet)
Stlth   +            (no ring)
HPRegen 0.22/turn    (no ring)
MPRegen 0.08/turn

%: no passive effects
@: beast-form, glowing
A: beast (slay +2), sense surroundings 1, otherworldly, glowing, explore regen
a: Begin Untransformation


You were on level 1 of the Dungeon.
You were a hulking beast.
You visited 1 branch of the dungeon, and saw 1 of its levels.

You collected 25 gold pieces.

Inventory:

Armour
 a - a +0 animal skin (worn)
Talismans
 c - a beast talisman
 d - a flux talisman
Potions
 b - a potion of lignification
 e - a potion of might {unknown}


   Skills:
 - Level 1.1 Fighting
 - Level 2.1 Dodging
 * Level 3.6 Unarmed Combat
 + Level 3.6 Shapeshifting


You couldn't memorise any spells.
You didn't know any spells.
Your spell library was empty.

Dungeon Overview and Level Annotations

Branches:
Dungeon (1/15) Zot: 573

Altars:


Innate Abilities, Weirdness & Mutations

You are a hulking beast.
Your limbs bulge with bestial killing power. (Slay +2)
You passively map a small area around you.
You are easily found by Zot.
You glow in the dark.
You regain HP and MP as you explore.


Message History

Welcome, lunkers the Meteoran Shapeshifter.
The Orb of Zot is coveted for many reasons.
Will you seize it for your own?
Press ? for a list of commands and other information.
Found 25 gold pieces.
Found a staircase leading out of the dungeon.
You enter the shallow water.
Moving in this stuff is going to be slow.
You now have 12 gold pieces.
You now have 25 gold pieces (gained 13).
A bat and a kobold come into view.
The kobold is wielding a +1 whip of distortion.
The kobold shouts!
The bat closely misses you.
There are no items here.
You see here an amethyst potion.
e - an amethyst potion The bat hits you.
The bat barely misses you. The bat hits you but does no damage.
You punch the bat!
You kill the bat!
You barely miss the kobold. The kobold barely misses you.
You hit the kobold.
The kobold is moderately wounded.
The kobold hits you with a +1 whip of distortion.
Space warps horribly around you!!
Ouch! That really hurt!
You die...

#.#.#≈...≈#.#.# * ,
##.#.≈...≈.#.## *
##.#.#≈.<.≈#.#.# * *
#.#.#.≈≈≈≈≈.#.##,* *
#.#.#.#.#.#.#.. ,
..###.#.#.#.#.#.#..#
#.............###.##
.#...#K#####.# . * *
* ##.##h# *... . *
#. #.# ###. ## , #.#
* *.# * *#.# * # *
#.# * * , #.# , *
#.# , * #.# * , , *
, #.. ,


You could see a kobold.

Vanquished Creatures
  A bat (D:1)
1 creature vanquished.

Notes
Turn   | Place    | Note
-------+----------+-------------------------------------------
     0 | D:1      | lunkers the Meteoran Shapeshifter began the quest for the
                  | Orb.
     0 | D:1      | Reached XP level 1. HP: 16/16 MP: 2/2
    25 | D:1      | Mangled by a kobold

Illustrated notes

Levels and vault maps discovered:
D:1:      ncdulo_watergridlock, layout_loops_ring, minmay_crystal_water,
          minmay_vboxes

Action                     || total
---------------------------++-------
  Melee: Unarmed           ||     3
 Armour: Animal skin       ||     3
  Dodge: Dodged            ||     3

Table legend: (Time is in decaauts)
 A = Elapsed time spent in this place.
 B = Non-inter-level travel time spent in this place.
 C = Inter-level travel time spent in this place.
 D = Time resting spent in this place.
 E = Time spent auto-exploring this place.
 F = Levels seen in this place.
 G = Mean time per level.
                   A        B        C        D        E       F      G
               +--------+--------+--------+--------+--------+-----+--------+
         Total |     25 |     25 |      0 |      0 |     17 |   1 |   25.0 |
       Dungeon |     25 |     25 |      0 |      0 |     17 |   1 |   25.0 |
               +--------+--------+--------+--------+--------+-----+--------+

Top non-repeatable levels by time:
     D:1: 25 daAuts
